[ AOE2 MATCH · #507094995 ]
UnrankedVietnamese vs Persians
Player's team · LOSS
Rival team · WIN
[ REPLAY ANALYSIS · EXTRACTED FROM THE RECORDED GAME ]
Feudal
—
Castle
—
Imperial
—
| APM avg | 65.5 |
| APM peak | 94 |
| eAPM avg | 27.9 |
| Villagers / military | 15 / 0 |
Focus
⚔️ 19.6% · 🌾 80.4%
Feudal
—
Castle
—
Imperial
—
| APM avg | 44.3 |
| APM peak | 141 |
| eAPM avg | 31.0 |
| Villagers / military | 28 / 0 |
Focus
⚔️ 4.0% · 🌾 96.0%
Match map
Initial resources + every placement click. Lines = walls · curves = elevation contours. ◆ gold · ⬟ stone · ● berries · ✦ relic · ◌ wall gap
Your base
MITOELMEJOR's base
Smoothed initial terrain · ◌ = detected wall gap · hover for details
Inputs per minute
— OaRMäR - - MITOELMEJOR
Build order — OaRMäR
24 actions detected in the replay
| 0:00 | Queue | Villager (Male) |
| 0:01 | Queue | Villager (Male) |
| 0:01 | Queue | Villager (Male) |
| 0:02 | Build | House |
| 0:04 | Build | House |
| 0:26 | Queue | Villager (Male) |
| 1:30 | Queue | Villager (Male) |
| 1:30 | Queue | Villager (Male) |
| 1:50 | Build | Lumber Camp |
| 2:20 | Queue | Villager (Male) |
| 2:27 | Queue | Villager (Male) |
| 2:27 | Queue | Villager (Male) |
| 3:08 | Build | House |
| 3:10 | Build | Palisade Wall |
| 3:13 | Queue | Villager (Male) |
| 3:33 | Queue | Villager (Male) |
| 4:17 | Queue | Villager (Male) |
| 4:54 | Build | House |
| 5:08 | Queue | Villager (Male) |
| 5:08 | Queue | Villager (Male) |
| 5:18 | Build | Palisade Wall |
| 5:49 | Build | House |
| 6:26 | Build | House |
| 6:45 | Queue | Villager (Male) |
Build order — MITOELMEJOR
34 actions detected in the replay
| 0:02 | Build | House |
| 0:03 | Build | House |
| 0:05 | Build | House |
| 0:06 | Queue | Villager (Male) |
| 0:06 | Queue | Villager (Male) |
| 0:06 | Queue | Villager (Male) |
| 0:06 | Queue | Villager (Male) |
| 0:07 | Queue | Villager (Male) |
| 0:07 | Queue | Villager (Male) |
| 1:27 | Queue | Villager (Male) |
| 1:27 | Queue | Villager (Male) |
| 2:08 | Queue | Villager (Male) |
| 2:08 | Queue | Villager (Male) |
| 2:42 | Build | Mill |
| 2:50 | Queue | Villager (Male) |
| 2:51 | Queue | Villager (Male) |
| 3:02 | Queue | Villager (Male) |
| 3:02 | Queue | Villager (Male) |
| 3:17 | Queue | Villager (Male) |
| 3:17 | Queue | Villager (Male) |
| 3:43 | Queue | Villager (Male) |
| 3:43 | Queue | Villager (Male) |
| 4:02 | Queue | Villager (Male) |
| 4:02 | Queue | Villager (Male) |
| 5:30 | Queue | Villager (Male) |
| 5:36 | Research | Loom |
| 6:27 | Build | Town Center |
| 7:35 | Queue | Villager (Male) |
| 7:35 | Queue | Villager (Male) |
| 7:35 | Queue | Villager (Male) |
| 7:35 | Queue | Villager (Male) |
| 7:36 | Queue | Villager (Male) |
| 7:57 | Queue | Villager (Male) |
| 7:58 | Queue | Villager (Male) |
Match timeline
| 3:10 | OaRMäR · wall_segment Palisade Wall x14 |
| 5:18 | OaRMäR · wall_segment Palisade Wall x6 |
| 7:59 | OaRMäR · resign |
[ AI ANALYSIS · 1 CREDIT ]
What really happened in this match?
Wolo.gg analyzes every decision: build order, eco, micro, common mistakes by bracket. Personalized analysis on WhatsApp or Discord in 30 seconds.
Civ guide
Vietnamese
Perfil
Jugador #2106972